AoeStats
← N1CE#ROCK

Arena

505641892Analyzed
4v4 RM · 21d ago on Sep 10, 2026· 33m 54s· 8 players
Game mode
Random Map
Map size
Large (8 player)
Population
200
Speed
Normal
Resources
Standard
Victory
Conquest
Starting age
Dark Age
Ending age
Imperial Age
RankedLock teamsTeams togetherTeam positionsShared explorationLock speedFull tech treeHidden civsTurbo modeCheats
Victory
Defeat
🇨🇳 Wei · China
1341
+13
🇨🇳 Bulgarians · China
1326
+13
🇨🇳 Jurchens · China
1286
+15
🇮🇳 Cumans · India
1294
-14
🇺🇸 Persians · United States
1269
-13
🇨🇳 Poles · China
1254
-13
🇩🇪 Ethiopians · Germany
1249
-13
N1CE#ROCK
3:23 Loom
10:54 Feudal Age
15:46 Castle Age
14:29 Double-Bit Axe
14:56 Gold Mining
16:37 Loom
27:14 Imperial Age
26:07 Wheelbarrow
25:28 Fletching
25:40 Padded Archer Armor
26:06 Horse Collar
26:04 Crossbowman
27:09 Bodkin Arrow
29:26 Arbalester
33:19 Chemistry
34:19 Bracer
34:34 Leather Archer Armor
34:43 Ballistics
NUR
9:02 Feudal Age
10:23 Wheelbarrow
10:18 Horse Collar
10:37 Double-Bit Axe
19:54 Castle Age
18:42 Gold Mining
20:44 Forging
20:39 Scale Barding Armor
20:47 Bow Saw
20:38 Heavy Plow
20:57 Hand Cart
22:02 Gold Shaft Mining
22:15 Bloodlines
26:47 Iron Casting
26:32 Chain Barding Armor
27:11 Stone Mining
29:34 Loom
29:35 Town Watch
30:56 Town Patrol
34:53 Imperial Age
32:59 Coinage
32:30 Caravan
Carleo_Intestin
10:10 Feudal Age
10:38 Double-Bit Axe
10:34 Horse Collar
14:30 Wheelbarrow
15:17 Forging
20:10 Castle Age
18:56 Scale Barding Armor
20:43 Bloodlines
20:19 Light Cavalry
21:34 Husbandry
22:34 Town Watch
qjo6006
6:28 Loom
8:59 Feudal Age
9:34 Town Watch
9:37 Double-Bit Axe
11:22 Horse Collar
15:27 Wheelbarrow
16:11 Fletching
23:39 Castle Age
21:57 Stone Mining
23:56 Scale Mail Armor
24:06 Forging
24:48 Bow Saw
24:54 Bodkin Arrow
26:34 Chain Mail Armor
26:13 Gold Mining
30:06 Imperial Age
28:32 Stone Shaft Mining
28:50 Iron Casting
28:25 Heavy Plow
29:08 Squires
31:58 Bracer
33:36 Chemistry
34:21 Plate Mail Armor
休眠玩家 精锐条顿骑士 一步杀十人
3:51 Loom
7:41 Loom
10:21 Feudal Age
15:38 Castle Age
13:59 Horse Collar
14:06 Double-Bit Axe
21:50 Bow Saw
22:21 Stone Mining
22:43 Heavy Plow
23:33 Fortified Wall
25:02 Wheelbarrow
27:32 Gold Mining
31:58 Imperial Age
29:20 Fletching
30:24 Hand Cart
29:55 Town Watch
33:07 Conscription
打咩哟~
11:16 Feudal Age
12:47 Double-Bit Axe
12:51 Horse Collar
15:16 Castle Age
15:54 Wheelbarrow
17:00 Bow Saw
16:55 Heavy Plow
18:37 Loom
22:25 Hand Cart
23:52 Gold Mining
25:17 Gold Shaft Mining
25:57 Husbandry
29:12 Imperial Age
27:03 Forging
27:00 Scale Barding Armor
27:32 Bloodlines
28:00 Iron Casting
27:57 Stone Mining
28:22 Town Watch
29:00 Siege Engineers
28:35 Treadmill Crane
29:27 Capped Ram
30:07 Elite Steppe Lancer
32:14 Chain Barding Armor
33:38 Crop Rotation
买麻衣也用劵
12:17 Feudal Age
16:07 Castle Age
14:05 Double-Bit Axe
14:22 Horse Collar
18:14 Bow Saw
21:40 Heavy Plow
22:20 Fletching
25:42 Wheelbarrow
25:34 Bloodlines
25:41 Husbandry
25:41 Gold Mining
26:06 Bodkin Arrow
26:21 Light Cavalry
26:27 Light Cavalry
27:50 Thumb Ring
29:55 Gold Shaft Mining
32:29 Imperial Age
33:32 Heavy Cavalry Archer
icu monster
11:19 Feudal Age
12:33 Horse Collar
15:22 Castle Age
13:27 Double-Bit Axe
14:02 Gold Mining
16:43 Wheelbarrow
17:07 Bow Saw
17:28 Heavy Plow
19:36 Loom
19:36 Town Watch
20:06 Hand Cart
19:36 Town Watch
19:36 Loom
20:06 Hand Cart
19:36 Loom
19:36 Town Watch
20:06 Hand Cart
23:08 Gold Shaft Mining
22:55 Stone Mining
28:04 Imperial Age
25:41 Scale Barding Armor
27:28 Bloodlines
27:20 Husbandry
28:43 Forging
29:02 Capped Ram
29:45 Heavy Hei Guang Cavalry
30:33 Siege Ram
32:11 Chain Barding Armor
33:27 Iron Casting
Connection lost

Rejoining the realm…

Still unreachable

The connection could not be restored.

Session expired

The server has moved on; the page needs a fresh start.